AoeStats
← Fame

Fortress

510186702Analyzed
2v2 RM · 2d ago on Sep 29, 2026· 46m 48s· 4 players
Game mode
Random Map
Map size
Normal (6 player)
Population
200
Speed
Normal
Resources
Standard
Victory
Conquest
Starting age
Dark Age
Ending age
Imperial Age
RankedLock teamsTeams togetherTeam positionsShared explorationLock speedFull tech treeHidden civsTurbo modeCheats
Victory
Defeat
🇦🇷 Danes · Argentina
1233
+15
🇦🇷 Tatars · Argentina
1217
+16
🇹🇷 Mongols · Türkiye
1215
-16
🇹🇷 Spanish · Türkiye
1200
-15
Fame
8:33 Feudal Age
9:40 Double-Bit Axe
12:22 Castle Age
11:14 Padded Archer Armor
11:14 Horse Collar
11:40 Loom
12:37 Gold Mining
13:57 Husbandry
14:45 Bloodlines
16:25 Leather Archer Armor
16:40 Heavy Plow
19:01 Wheelbarrow
21:17 Hand Cart
21:55 Bow Saw
22:18 Stone Mining
27:46 Light Cavalry
30:57 Imperial Age
30:05 Fortified Wall
33:13 Chemistry
31:40 Hussar
31:41 Cavalier
34:03 Conscription
35:58 Two-Man Saw
36:04 Ring Archer Armor
35:45 Forging
35:41 Scale Barding Armor
taaaaazzyy
7:29 Feudal Age
6:03 Loom
11:27 Castle Age
9:32 Double-Bit Axe
9:42 Horse Collar
11:44 Bloodlines
14:10 Husbandry
16:48 Wheelbarrow
16:06 Fletching
17:42 Bodkin Arrow
19:54 Bow Saw
21:40 Padded Archer Armor
23:17 Hand Cart
27:45 Imperial Age
27:45 Leather Archer Armor
27:36 Scale Barding Armor
28:30 Squires
27:51 Pikeman
29:42 Ballistics
30:23 Chemistry
30:06 Conscription
30:16 Scale Mail Armor
30:51 Masonry
33:20 Nomads
34:44 Forging
35:03 Murder Holes
40:09 Bracer
40:44 Iron Casting
40:25 Chain Mail Armor
40:12 Heavy Plow
42:08 Parthian Tactics
43:49 Blast Furnace
42:29 Elite Mangudai
45:57 Fortified Wall
Natgeox
6:26 Feudal Age
6:59 Double-Bit Axe
9:23 Loom
11:47 Castle Age
9:32 Horse Collar
10:19 Scale Mail Armor
11:22 Forging
11:54 Loom
12:49 Wheelbarrow
15:01 Heavy Plow
18:01 Chain Mail Armor
19:20 Fletching
20:09 Bodkin Arrow
20:39 Padded Archer Armor
21:00 Bow Saw
21:21 Gold Mining
21:24 Elite Skirmisher
23:19 Leather Archer Armor
23:16 Town Watch
24:18 Iron Casting
23:45 Squires
25:20 Hand Cart
26:58 Thumb Ring
28:12 Ballistics
32:45 Imperial Age
31:43 Hamask
32:50 Capped Ram
34:03 Plate Mail Armor
33:54 Conscription
33:53 Siege Ram
36:33 Blast Furnace
36:13 Bracer
36:51 Town Patrol
38:44 Chemistry
38:15 Scale Barding Armor
38:43 Ring Archer Armor
39:20 Elite Varangian Guard
40:21 Guard Tower
43:29 Onager
Pablengue
7:18 Feudal Age
10:59 Castle Age
9:11 Double-Bit Axe
9:33 Horse Collar
13:24 Bow Saw
13:25 Loom
16:52 Wheelbarrow
18:07 Town Watch
18:54 Heavy Plow
20:08 Bloodlines
20:12 Scale Barding Armor
21:01 Husbandry
20:34 Light Cavalry
21:53 Forging
23:39 Fletching
24:40 Chain Barding Armor
26:30 Hand Cart
26:16 Town Patrol
27:45 Iron Casting
32:38 Imperial Age
30:11 Gold Mining
30:12 Stone Mining
31:16 Stone Mining
31:38 Murder Holes
31:44 Bodkin Arrow
32:02 Fortified Wall
32:03 Masonry
32:25 Treadmill Crane
33:16 Silk Armor
34:25 Blast Furnace
34:30 Conscription
33:52 Hussar
35:39 Plate Barding Armor
35:17 Guard Tower
37:26 Ballistics
38:56 Chemistry
38:41 Bracer
39:08 Elite Keshik
39:26 Elite Skirmisher
41:57 Crop Rotation
41:31 Elite Skirmisher
42:24 Siege Engineers
42:40 Padded Archer Armor
43:28 Gold Shaft Mining
44:33 Leather Archer Armor
46:16 Ring Archer Armor
47:16 Timurid Siegecraft
Connection lost

Rejoining the realm…

Still unreachable

The connection could not be restored.

Session expired

The server has moved on; the page needs a fresh start.